 Dungeon Crawl Stone Soup version 0.20.1-1-g8b1a95d (webtiles) character file.

940 pstr the Digger (level 7, -4/49 HPs)
             Began as a Vampire Earth Elementalist on Dec 7, 2017.
             Slain by a sky beast (6 damage)
             ... on level 5 of the Dungeon.
             The game lasted 00:16:48 (7759 turns).

pstr the Digger (Vampire Earth Elementalist)        Turns: 7759, Time: 00:16:48

Health: -4/49      AC:  6    Str:  7    XL:     7   Next: 88%
Magic:  3/13       EV: 13    Int: 22    God:
Gold:   267        SH:  0    Dex: 15    Spells: 8/14 levels left

rFire    . . .     SeeInvis +   D - +3 war axe of Vudwaoro {chop, *Rage +Fly Int+3}
rCold    + . .     Gourm    .   (no shield)
rNeg     + + .     Faith    .   x - +0 leather armour
rPois    +         Spirit   .   (no helmet)
rElec    .         Reflect  .   (no cloak)
rCorr    .         Harm     .   h - +0 pair of gloves
MR       .....                  k - +1 pair of boots
Stlth    +++.......             (no amulet)
Regen    0.1/turn               (no ring)
MPRegen  0.2/turn               (no ring)

@: lethally poisoned (-4 -> -8), very slightly contaminated, regenerating slowly
A: fangs 3, see invisible, unbreathing
a: Bat Form, Evoke Flight


You were on level 5 of the Dungeon.
You were near bloodless.

You visited 1 branch of the dungeon, and saw 6 of its levels.

You collected 267 gold pieces.

Inventory:

Hand Weapons
 j - a +0 short sword
 D - the +3 war axe of Vudwaoro (weapon) {chop, *Rage +Fly Int+3}
   (You found it on level 5 of the Dungeon)

   It inflicts extra damage upon your enemies.
   It affects your intelligence (+3).
   It lets you fly.
   It may make you go berserk in combat.
Missiles
 s - 114 stones (quivered)
Armour
 b - a +0 helmet
 c - a +0 robe
 h - a +0 pair of gloves (worn)
 k - a +1 pair of boots (worn)
 x - a +0 leather armour (worn)
Jewellery
 F - an uncursed amulet of harm {unknown}
Wands
 v - a wand of lightning (5/15)
Scrolls
 a - 3 scrolls of identify {unknown}
 d - a scroll of blinking {unknown}
 f - 4 scrolls of remove curse {unknown}
 g - a scroll of enchant weapon {unknown}
 l - a scroll of recharging {unknown}
 n - a scroll of immolation {unknown}
 o - 4 scrolls of teleportation {unknown}
 q - a scroll of enchant armour {unknown}
 y - a scroll of amnesia {unknown}
 z - a scroll of fear {unknown}
 A - a scroll of fog {unknown}
Potions
 i - 4 potions of brilliance {unknown}
 p - 2 potions of flight {unknown}
 r - a potion of ambrosia {unknown}
 t - 2 potions of cancellation {unknown}
 u - a potion of invisibility {unknown}
 B - a potion of lignification {unknown}
 C - 2 potions of heal wounds {unknown}
Books
 e - a book of Geomancy

   Spells                             Type                      Level
   a - Sandblast                      Earth                        1
   b - Passwall                       Transmutation/Earth          2
   c - Stone Arrow                    Conjuration/Earth            3
   d - Petrify                        Transmutation/Earth          4
   e - Lee's Rapid Deconstruction     Earth                        5
 w - a book of Changes

   Spells                             Type                      Level
   a - Beastly Appendage              Transmutation                1
   b - Sticks to Snakes               Transmutation                2
   c - Spider Form                    Transmutation/Poison         3
   d - Ice Form                       Ice/Transmutation            4
   e - Blade Hands                    Transmutation                5
Comestibles
 m - 2 royal jellies


   Skills:
 + Level 1.7 Fighting
 + Level 3.8 Short Blades
 + Level 1.5 Axes
 + Level 1.7 Armour
 + Level 3.7 Dodging
 + Level 3.8 Stealth
 + Level 0.2 Unarmed Combat
 + Level 4.0 Spellcasting
 + Level 1.9 Conjurations
 + Level 1.1 Transmutations
 + Level 5.0 Earth Magic


You had 8 spell levels left.
You knew the following spells:

 Your Spells              Type           Power        Failure   Level  Hunger
a - Sandblast             Erth           ####..       1%          1    None
b - Passwall              Tmut/Erth      ###.......   7%          2    #......
c - Stone Arrow           Conj/Erth      ###...       12%         3    ###....


Dungeon Overview and Level Annotations

Branches:
Dungeon (6/15)
 Temple: D:4-7

Altars:
Nemelex Xobeh
The Shining One

Annotations:
D:6 pstr's ghost, novice NaFE


Innate Abilities, Weirdness & Mutations

You heal slowly.
You have razor-sharp teeth.
You have supernaturally acute eyesight. (SInv)
You can survive without breathing.


Message History

Confirm with . or Enter, or press ? or * to list all spells.
You don't have enough magic to cast that spell.
The sky beast flickers out of sight for a moment.
You feel sick.
The sky beast flickers out of sight for a moment.
You barely miss the sky beast.
The sky beast is moderately wounded.
The sky beast barely misses you.
You closely miss the sky beast.
The sky beast is moderately wounded.
The sky beast hits you.
* * * LOW HITPOINT WARNING * * *
The sky beast shocks you.
* * * LOW HITPOINT WARNING * * *
You hit the sky beast.
The sky beast is heavily wounded.
You feel sick. The sky beast closely misses you. The sky beast hits you.
* * * LOW HITPOINT WARNING * * *
The sky beast shocks you.
You die...

.# ##.#.#####.##......#####.##.
.# #..........##.##.#..........
.# #...#########.##.#.#####.###
.# #...# #.#.....# #.### .#
#(..#########.####.# #.... .#
#...............##.#########
.#####...#####.......[[.#....>#
................##.#..###.....#
...............Y@.............#
.............>..#.....###.....#
.#####..........#.....###...>.#
.# #...#####..........#######
.# #)..# ##.......#.# .#
###...## ###..##.#.# ##
#......# #.......#.#
####.#....# #.##.##.#.##
...#.##.#.#####.##.##.#..##


You could see a sky beast.

Vanquished Creatures
  An ogre (D:5)
  A bullfrog (D:5)
  2 scorpions
  2 howler monkeys (D:4)
  3 crimson imps (D:5)
  A hound (D:4)
  3 orc priests
  An orc wizard (D:3)
  A centaur skeleton (D:5)
  Natasha (thrice) (D:2 D:4)
  2 worker ants (D:4)
  A hound skeleton (D:4)
  A howler monkey zombie (D:5)
  A worker ant zombie (D:5)
  7 adders
  A shadow imp (D:5)
  An adder skeleton (D:5)
  An adder zombie (D:5)
  7 worms
  A dart slug (D:3)
  6 leopard geckos
  14 orcs
  4 giant cockroaches
  6 goblins
  5 hobgoblins
  4 jackals (D:2)
  4 kobolds
  2 quokkas (D:2)
  8 bats
  6 frilled lizards
  A leopard gecko skeleton (D:5)
  A leopard gecko zombie (D:5)
  4 rats (D:2)
106 creatures vanquished.

Notes
Turn   | Place    | Note
-------+----------+-------------------------------------------
     0 | D:1      | pstr the Vampire Earth Elementalist began the quest for the Orb.
     0 | D:1      | Reached XP level 1. HP: 13/13 MP: 3/3
   626 | D:1      | Reached XP level 2. HP: 19/19 MP: 3/5
  1078 | D:2      | Noticed Natasha
  1087 | D:2      | Killed Natasha
  1087 | D:2      | Reached XP level 3. HP: 24/24 MP: 0/6
  1230 | D:2      | Noticed Natasha
  1238 | D:2      | Killed Natasha
  1238 | D:2      | Reached skill level 4 in Earth Magic
  1238 | D:2      | Reached XP level 4. HP: 16/30 MP: 2/8
  1242 | D:2      | Learned a level 2 spell: Passwall
  1246 | D:2      | Learned a level 3 spell: Stone Arrow
  1512 | D:2      | Found a glowing golden altar of the Shining One.
  2921 | D:3      | Reached skill level 1 in Short Blades
  3166 | D:3      | Reached XP level 5. HP: 31/36 MP: 3/9
  4507 | D:4      | Reached XP level 6. HP: 34/42 MP: 1/11
  4814 | D:4      | Reached skill level 1 in Fighting
  5318 | D:4      | Noticed Natasha
  5344 | D:4      | Reached skill level 1 in Conjurations
  5523 | D:4      | Killed Natasha
  5875 | D:4      | Reached XP level 7. HP: 48/48 MP: 5/12
  5987 | D:5      | Entered Level 5 of the Dungeon
  5992 | D:5      | Got an iridescent war axe
  5993 | D:5      | Identified the +3 war axe of Vudwaoro {chop, *Rage +Fly Int+3} (You found it on level 5 of the Dungeon)
  6024 | D:5      | Found a sparkling altar of Nemelex Xobeh.
  6199 | D:5      | Reached skill level 1 in Armour
  7286 | D:5      | Reached skill level 1 in Axes
  7318 | D:6      | Noticed pstr's ghost (novice NaFE)
  7360 | D:5      | Reached skill level 5 in Earth Magic
  7759 | D:5      | HP: 2/49 [sky beast (3)]
  7759 | D:5      | Slain by a sky beast

Skill      XL: |  1  2  3  4  5  6  7 |
---------------+----------------------+-----
Earth Magic    | 4 5 |  5.0
Spellcasting   | 3 4 |  4.0
Short Blades   | 1 2 3 |  3.8
Dodging        | 3 |  3.7
Fighting       | 1 |  1.7
Conjurations   | 1 |  1.9
Armour         | 1 |  1.7
Axes           | 1 |  1.5
Stealth        | |  3.8
Unarmed Combat | |  0.2
Transmutations | |  1.1

Action                   |  1- 3 |  4- 6 |  7- 9 || total
-------------------------+-------+-------+-------++-------
Melee: Unarmed           |    15 |       |       ||    15
       Bite              |     1 |    19 |     1 ||    21
       Short sword       |     1 |   208 |       ||   209
       War axe           |       |       |    25 ||    25
 Cast: Sandblast         |    30 |       |       ||    30
       Stone Arrow       |       |    79 |    38 ||   117
  Use: Potion            |       |     5 |     1 ||     6
  Eat: Corpse            |       |    18 |     5 ||    23
Armor: Robe              |     3 |    59 |       ||    62
       Leather armour    |       |     6 |     8 ||    14
Dodge: Dodged            |    23 |   150 |    18 ||   191
